 Dungeon Crawl Stone Soup version 0.28.0-53-g5a82cb258f (webtiles) character file.

Game seed: 11428479195397935523

4602 SanguineChosen the Cleaver (level 10, -20/88 HPs)
             Began as a Minotaur Berserker on July 29, 2022.
             Was an Elder of Trog.
             Killed from afar by Erica (26 damage)
             ... with a lance of force
             ... on level 8 of the Dungeon.
             The game lasted 00:34:23 (7565 turns).

SanguineChosen the Cleaver (Minotaur Berserker)     Turns: 7565, Time: 00:34:24

Health: -20/88     AC: 15    Str: 30    XL:     10   Next: 19%
Magic:  9/9        EV: 10    Int:  4    God:    Trog [****..]
Gold:   293        SH: 10    Dex:  9    Spells: 9/9 levels left

rFire   + + .      SeeInvis .   y - +4 war axe
rCold   + . .      Faith    .   c - +1 kite shield
rNeg    . . .      Spirit   .   g - +1 scale mail of Midnight {rElec Slay+6}
rPois   +          Reflect  .   (helmet restricted)
rElec   +          Harm     .   r - +0 cloak
rCorr   +          Rampage  .   o - +2 pair of gloves {Str+3}
Will    .....                   f - +0 pair of boots
Stlth   ..........              n - amulet of the acrobat
HPRegen 0.24/turn               b - +4 ring of slaying
MPRegen 0.11/turn               k - ring of protection from fire

@: lethally poisoned (-20 -> -32), resistant
A: horns 2, retaliatory headbutt
a: Renounce Religion, Berserk, Trog's Hand, Brothers in Arms


You were on level 8 of the Dungeon.
You worshipped Trog.
Trog was greatly pleased with you.
You visited 1 branch of the dungeon, and saw 8 of its levels.

You collected 505 gold pieces.
You spent 212 gold pieces at shops.

Inventory:

Hand Weapons
 l - a +2 war axe
 v - a +1 war axe of venom
 x - a +0 dire flail
 y - a +4 war axe (weapon)
Missiles
 w - 8 poisoned darts (quivered)
Armour
 c - a +1 kite shield (worn)
 f - a +0 pair of boots (worn)
 g - the +1 scale mail of Midnight (worn) {rElec Slay+6}
   (You found it on level 3 of the Dungeon)

   Slay:      It affects your accuracy & damage with ranged weapons and melee
   (+6).
   rElec:     It insulates you from electricity.
 m - a +0 chain mail
 o - a +2 pair of gloves of strength (worn)
 r - a +0 cloak (worn)
Jewellery
 b - a +4 ring of slaying (left hand)
 k - a ring of protection from fire (right hand)
 n - an amulet of the acrobat (around neck)
Wands
 h - a wand of acid (12)
Scrolls
 a - 2 scrolls of immolation {unknown}
 d - 4 scrolls of teleportation
 e - 2 scrolls of fear
 p - 2 scrolls of silence
 q - 2 scrolls of identify
 t - a scroll of magic mapping
 A - a scroll of enchant weapon
 B - a scroll of summoning
 C - a scroll of enchant armour
Potions
 i - 3 potions of might
 j - a potion of curing
 u - a potion of ambrosia {unknown}
 z - a potion of heal wounds {unknown}


   Skills:
 + Level 8.0 Fighting
 + Level 12.3 Axes
 + Level 7.8 Armour
 + Level 4.6 Dodging
 - Level 0.7 Stealth
 + Level 7.0 Shields


You had 9 spell levels left.
You didn't know any spells.
Your spell library was empty.

Dungeon Overview and Level Annotations

Branches:
Dungeon (8/15)             Temple (0/1) D:6
   Lair: D:8-11

Altars:
Cheibriados
Dithmenos
Elyvilon
Fedhas
Gozag
Kikubaaqudgha
Makhleb
Nemelex Xobeh
Okawaru
Uskayaw
Wu Jian

Shops:
D:5 **   D:7 (

Annotations:
D:8 Erica


Innate Abilities, Weirdness & Mutations

You have a pair of horns on your head.
You reflexively headbutt those who attack you in melee.


Message History

Found 12 gold pieces.
Something tries to affect you, but you resist.
Something hits you!
You completely miss something. Your headbutt misses something.
You feel less confused. Something hits you!
You hear some strange, mumbled words.
A lance of force appears from out of thin air!
The lance of force hits you!
You are knocked back by the lance of force.
You see here a scroll of enchant armour.
C - a scroll of enchant armour You slice something!!
Something hits you.
You slash something! Your headbutt misses something. Something hits you.
You slice something!! Something hits you! Something burns you.
You closely miss something.
Erica appears from thin air!
Reactivating autopickup.
Erica hits you with a +0 scimitar of flaming!
Erica burns you.
You barely miss Erica.
Erica is almost dead.
Erica hits you with a +0 scimitar of flaming!
* * * LOW HITPOINT WARNING * * *
Erica burns you.
* * * LOW HITPOINT WARNING * * *
You closely miss Erica. Your headbutt misses Erica.
Erica is almost dead.
Erica casts a spell at you. You resist with significant effort.
You feel better.
Erica points at you and mumbles some strange words.
The bolt of poison hits you!
You are poisoned.
* * * LOW HITPOINT WARNING * * *
You feel protected.
* * * LOW HITPOINT WARNING * * *
You feel very sick.
Erica points at you and mumbles some strange words.
The lance of force hits you!!
You die...

..............P..PP.....
...........#...........##
...........##..>[........
............#.####....$.#
#...........# ##........#
...........####.........#
...........#............#
#........................
.....##.###....@@...#...#
....###.#.##........# #
......#.....[.......#
..........<.........#
..#.#...))###........#
..#..####.##.........#
#.... #...#.............
#.....#.................
#.##...............##.#.


You could see Erica (resistant).

Vanquished Creatures
  Pikel (D:6)
  Eustachio (D:6)
  7 yaks
  A steam dragon (D:7)
  3 orc warriors (D:8)
  2 ice beasts
  4 ogres
  A necrophage (D:4)
  A hornet zombie (D:8)
  A black bear (D:6)
  A phantom (D:6)
  A centaur (D:6)
  A bullfrog (D:7)
  4 scorpions (D:5)
  A wyvern zombie (D:7)
  10 wights
  A howler monkey (D:4)
  A centaur zombie (D:5)
  3 hounds
  A jelly (D:8)
  An orc priest (D:6)
  2 centaur skeletons
  Crazy Yiuf (D:5)
  Terence (D:3)
  6 iguanas
  6 orc wizards
  2 howler monkey zombies
  7 gnolls
  6 adders
  A howler monkey skeleton (D:4)
  2 shadow imps
  A white imp (D:5)
  An adder zombie (D:5)
  A worm (D:2)
  3 dart slugs
  21 orcs
  8 endoplasms
  6 giant cockroaches
  3 goblins
  5 hobgoblins
  2 jackals (D:3)
  4 quokkas
  8 ball pythons
  7 bats
  2 frilled lizards (D:1)
  6 kobolds
  8 rats
167 creatures vanquished.

Vanquished Creatures (others)
  20 fungi (D:8)
  A plant (D:4)
21 creatures vanquished.

Grand Total: 188 creatures vanquished

Notes
Turn   | Place    | Note
-------+----------+-------------------------------------------
     0 | D:1      | SanguineChosen the Minotaur Berserker began the quest for
                  | the Orb.
     0 | D:1      | Reached XP level 1. HP: 19/19 MP: 0/0
   364 | D:1      | Reached XP level 2. HP: 27/27 MP: 1/1
   377 | D:1      | Reached skill level 4 in Axes
   409 | D:1      | You fall into a shaft and drop 1 floor!
  1242 | D:2      | Reached XP level 3. HP: 33/33 MP: 2/2
  1318 | D:2      | Reached ** piety under Trog
  1710 | D:2      | Found a faded altar of an unknown god.
  2426 | D:3      | Identified the +1 scale mail of Midnight {rElec Slay+6}
  2672 | D:3      | Reached XP level 4. HP: 41/41 MP: 3/3
  3015 | D:3      | Found a white marble altar of Elyvilon.
  3094 | D:3      | Noticed Terence
  3098 | D:3      | Killed Terence
  3099 | D:3      | Reached skill level 5 in Axes
  3773 | D:4      | Reached XP level 5. HP: 43/47 MP: 4/4
  3883 | D:4      | Found a shadowy altar of Dithmenos.
  3883 | D:4      | Found an iron altar of Okawaru.
  3883 | D:4      | Found a snail-covered altar of Cheibriados.
  3917 | D:4      | Found a large runed translucent door.
  3918 | D:4      | Found a large runed translucent door.
  3925 | D:4      | Noticed an ogre
  3926 | D:4      | Noticed a necrophage
  3934 | D:4      | Killed an ogre
  3936 | D:4      | Killed a necrophage
  3937 | D:4      | Reached skill level 5 in Fighting
  3937 | D:4      | Reached skill level 6 in Axes
  3937 | D:4      | Reached XP level 6. HP: 56/56 MP: 5/5
  4253 | D:4      | Found a blossoming altar of Fedhas.
  4517 | D:4      | Found an ancient bone altar of Kikubaaqudgha.
  4523 | D:4      | Found a burning altar of Makhleb.
  4543 | D:5      | Entered Level 5 of the Dungeon
  4646 | D:5      | Reached skill level 7 in Axes
  4646 | D:5      | Reached skill level 1 in Shields
  4646 | D:5      | Reached XP level 7. HP: 61/61 MP: 6/6
  4748 | D:5      | Reached *** piety under Trog
  4821 | D:5      | Reached skill level 5 in Armour
  5060 | D:5      | Reached skill level 8 in Axes
  5150 | D:5      | Found Meff's General Store.
  5152 | D:5      | Found Fihesche's Specific Store.
  5159 | D:5      | Bought a scroll of identify for 26 gold pieces
  5159 | D:5      | Bought a scroll of identify for 26 gold pieces
  5264 | D:5      | Found a runed translucent door.
  5265 | D:5      | Noticed Crazy Yiuf
  5298 | D:5      | Killed Crazy Yiuf
  5382 | D:6      | Noticed Pikel
  5462 | D:6      | Noticed Eustachio
  5469 | D:5      | Reached XP level 8. HP: 70/70 MP: 7/7
  5618 | D:6      | Killed Eustachio
  5674 | D:6      | Reached skill level 9 in Axes
  5860 | D:6      | Found an opulent altar of Gozag.
  5860 | D:6      | Found a sparkling altar of Nemelex Xobeh.
  5927 | D:6      | Killed Pikel
  5928 | D:6      | Reached skill level 10 in Axes
  5928 | D:6      | Reached XP level 9. HP: 67/78 MP: 8/8
  6085 | D:6      | Found a staircase to the Ecumenical Temple.
  6303 | D:7      | Reached skill level 5 in Shields
  6353 | D:7      | Found Maof's Weapon Shoppe.
  6368 | D:7      | Bought a +1 war axe of venom for 145 gold pieces
  6368 | D:7      | Bought 3 poisoned darts for 15 gold pieces
  6585 | D:7      | Reached skill level 11 in Axes
  7191 | D:8      | Reached XP level 10. HP: 75/88 MP: 9/9
  7284 | D:8      | Reached **** piety under Trog
  7285 | D:8      | Reached skill level 12 in Axes
  7480 | D:8      | Found a hide-covered altar of Uskayaw.
  7491 | D:8      | Found an ornate altar of the Wu Jian Council.
  7535 | D:8      | Noticed Erica
  7565 | D:8      | Killed from afar by Erica

Illustrated notes

Levels and vault maps discovered:
D:1:      moated_graveyard_arrival, layout_loops_cross
D:2:      layout_loops_corners, hellmonk_ecumenical_altar_lost_god
D:3:      layout_basic, elyvilon_altar_1, columned_hall_lemuel, uniq_terence
D:4:      layout_loops_ring, gammafunk_temple_overflow_forgotten,
          fedhas_altar_4, jmf_multi_god_temple2
D:5:      layout_rooms, nicolae_specific_store, minmay_fractal_squares_5,
          uniq_crazy_yiuf_cottage
D:6:      layout_rooms, grunt_temple_overflow_opulence, temple_pool_b,
          portal_sewer_entry_c, uniq_eustachio, uniq_pikel
D:7:      layout_rooms, serial_shops, shop_statue
D:8:      layout_cave_pools, mainiacjoe_overflow_catch_the_wave, uniq_erica

Skill      XL: |  1  2  3  4  5  6  7  8  9 10 |
---------------+-------------------------------+-----
Fighting       | 4 5 6 7 8 |  8.0
Axes           | 4 5 6 7 8 10 11 12 | 12.3
Armour         | 3 4 5 6 7 |  7.8
Dodging        | 3 4 |  4.6
Shields        | 1 3 4 6 7 |  7.0
Stealth        | |  0.7

Action                   |  1- 3 |  4- 6 |  7- 9 | 10-12 || total
-------------------------+-------+-------+-------+-------++-------
Melee: Hand axe          |    86 |    53 |   100 |       ||   239
       Headbutt          |    14 |     6 |    31 |     2 ||    53
       War axe           |       |       |    62 |    48 ||   110
  Use: Scroll            |     7 |     6 |     7 |       ||    20
       Potion            |       |       |       |     2 ||     2
Armor: Animal skin       |     5 |       |       |       ||     5
       Leather armour    |    17 |       |       |       ||    17
       Scale mail        |     3 |    13 |    45 |     8 ||    69
Dodge: Dodged            |    53 |    13 |    50 |    13 ||   129
Block: Kite shield       |       |     5 |    68 |    18 ||    91
